 Dungeon Crawl Stone Soup version 0.20-a0-892-gbf43aa3 (webtiles) character file.

182 BrendanD the Ducker (level 5, -1/40 HPs)
             Began as a Demonspawn Gladiator on Mar 16, 2017.
             Slain by a river rat (3 damage)
             ... in a sewer.
             The game lasted 00:07:48 (1843 turns).

BrendanD the Ducker (Demonspawn Gladiator)          Turns: 1843, Time: 00:07:49

Health: -1/40      AC: 11    Str: 16    XL:     5   Next: 34%
Magic:  5/5        EV:  9    Int:  9    God:
Gold:   75         SH:  0    Dex: 14    Spells: 4/4 levels left

rFire    . . .     SeeInvis .   a - +0 trident
rCold    . . .     Gourm    .   m - +0 chain mail
rNeg     . . .     Faith    .   (no shield)
rPois    .         Spirit   .   c - +0 helmet
rElec    .         Reflect  .   k - +0 cloak
rCorr    .         Harm     .   o - +0 pair of gloves
MR       .....                  (no boots)
Stlth    ..........             (no amulet)
Regen    0.2/turn               (no ring)
MPRegen  0.1/turn               (no ring)

@: flying, very slightly contaminated, hasted, very quick
A: claws 1, demonic guardian 1, sturdy frame 1
a: no special abilities


You were in a sewer.
You were hungry.

You visited 1 branch of the dungeon, and saw 3 of its levels.
You also visited: Sewer.

You collected 75 gold pieces.

Inventory:

Hand Weapons
 a - a +0 trident (weapon)
Missiles
 d - 3 throwing nets (quivered)
 g - 6 javelins
Armour
 c - a +0 helmet (worn)
 k - a +0 cloak (worn)
 m - a +0 chain mail (worn)
 o - a +0 pair of gloves (worn)
Scrolls
 e - 4 scrolls of identify {unknown}
 j - 2 scrolls of teleportation {unknown}
 l - 2 scrolls of remove curse {unknown}
 p - a scroll of random uselessness {unknown}
Potions
 i - a potion of brilliance
 r - 2 potions of curing
Comestibles
 b - a meat ration
 f - 4 bread rations


   Skills:
 + Level 2.9 Fighting
 + Level 3.3 Polearms
 + Level 3.0 Throwing
 + Level 3.5 Dodging
 + Level 1.6 Stealth


You had 4 spell levels left.
You didn't know any spells.

Dungeon Overview and Level Annotations

Branches:
Dungeon (3/15)

Altars:
The Shining One


Innate Abilities, Weirdness & Mutations

You have sharp fingernails.
A weak demonic guardian rushes to your aid.
Your movements are slightly less encumbered by armour. (ER -2)


Message History

The rat barely misses you. The river rat barely misses you.
The rat closely misses you.
You closely miss the river rat.
The river rat is severely wounded.
The river rat barely misses you. The rat bites you but does no damage.
The river rat bites you but does no damage.
You barely miss the river rat.
The river rat is severely wounded.
The rat bites you but does no damage. The river rat barely misses you.
The rat splashes around in the water.
The river rat bites you.
* * * LOW HITPOINT WARNING * * *
You closely miss the river rat.
The river rat is severely wounded.
The rat bites you but does no damage. The river rat bites you.
* * * LOW HITPOINT WARNING * * *
The rat bites you but does no damage.
You hit the river rat.
The river rat is almost dead.
The river rat bites you.
You die...

.. ###################
...#≈≈≈≈≈#≈#≈≈≈≈≈≈≈#.###
...≈≈≈≈≈≈≈..≈≈≈≈≈≈≈≈...##
...≈≈≈≈≈≈≈..≈≈rrr≈≈≈....##
...≈≈≈≈≈≈.).≈≈≈≈@≈≈≈.....#
...≈≈≈≈≈≈≈..≈≈≈rr≈≈≈.....#
##.#≈≈≈≈≈≈≈≈≈≈≈≈≈≈≈#.....#
# ##################....#
####...## #..#....#
#..'....# #####...#
##...##


You could see 2 river rats and 3 rats.

Vanquished Creatures
  Terence (D:2)
  Natasha (D:2)
  3 adders (Sewer)
  2 river rats
  3 oozes
  A worm (D:3)
  A dart slug (D:1)
  2 leopard geckos (D:2)
  3 giant cockroaches
  7 goblins
  6 hobgoblins
  A quokka (D:2)
  4 ball pythons
  5 bats
  5 frilled lizards
  5 kobolds
  21 rats
71 creatures vanquished.

Vanquished Creatures (collateral kills)
  Natasha (D:2)
  A kobold (D:2)
  5 rats
7 creatures vanquished.

Grand Total: 78 creatures vanquished

Notes
Turn   | Place    | Note
-------+----------+-------------------------------------------
     0 | D:1      | BrendanD the Demonspawn Gladiator began the quest for the Orb.
     0 | D:1      | Reached XP level 1. HP: 16/16 MP: 1/1
   104 | D:1      | Gained mutation: You have sharp fingernails. [demonic ancestry]
   104 | D:1      | Reached XP level 2. HP: 18/22 MP: 2/2
   427 | D:1      | Gained mutation: A weak demonic guardian rushes to your aid. [demonic ancestry]
   427 | D:1      | Reached XP level 3. HP: 21/27 MP: 3/3
   586 | D:2      | Noticed Natasha
   692 | D:2      | Killed Natasha
   961 | D:2      | Gained mutation: Your movements are slightly less encumbered by armour. (ER -2) [demonic ancestry]
   961 | D:2      | Reached XP level 4. HP: 34/34 MP: 4/4
  1012 | D:2      | Noticed Terence
  1045 | D:2      | Killed Terence
  1221 | D:2      | Noticed Natasha
  1227 | D:2      | Killed Natasha
  1244 | D:2      | Found a glowing golden altar of the Shining One.
  1353 | D:3      | Reached skill level 1 in Stealth
  1367 | D:3      | Found a glowing drain.
  1383 | Sewer    | Entered a sewer
  1406 | Sewer    | Reached XP level 5. HP: 36/39 MP: 5/5
  1842 | Sewer    | HP: 2/40 [river rat (4)]
  1843 | Sewer    | Slain by a river rat

Vault maps used:
D:1:      co_arrival_square_in_a_square_in_a_square, grunt_decor_one_mirror,
          minmay_octomino_c4
D:2:      nicolae_tso_swordbearing_angel, first_bread, dk_noncrumbling_4,
          minmay_stone_trees_small, uniq_terence, uniq_natasha
D:3:      lemuel_round_altar, elyvilon_altar_4, portal_sewer_entry_b,
          minmay_misc_feat_encased
Sewer:    sewer_minmay_w

Skill      XL: |  1  2  3  4 |
---------------+-------------+-----
Throwing       | 2 3 |  3.0
Dodging        | 3 |  3.5
Polearms       | 3 |  3.3
Stealth        | 1 |  1.6
Fighting       | |  2.9

Action                   |  1- 3 |  4- 6 || total
-------------------------+-------+-------++-------
Melee: Trident           |   123 |   203 ||   326
  Use: Potion            |     1 |     6 ||     7
  Eat: Chunk             |       |     3 ||     3
Armor: Leather armour    |    15 |       ||    15
       Chain mail        |    25 |   147 ||   172
Dodge: Dodged            |    52 |   170 ||   222
